 Dungeon Crawl Stone Soup version 0.28.0-43-g3370ac3207 (webtiles) character file.

Game seed: 15028321003605667513

1871 protoss039 the Thaumaturge (level 9, 0/62 HPs)
             Began as a Djinni Fire Elementalist on Mar 3, 2022.
             Was an Initiate of Makhleb.
             Slain by an orc warrior
             ... wielding a +0 glaive
              (10 damage)
             ... on level 6 of the Dungeon.
             The game lasted 00:15:08 (9842 turns).

protoss039 the Thaumaturge (DjFE)                   Turns: 9842, Time: 00:15:08

Health: 0/62       AC:  6    Str:  7    XL:     9   Next: 35%
Gold:   259        EV: 13    Int: 20    God:    Makhleb [......] SH:  0 Dex: 21

rFire   + + .      SeeInvis .   d - +0 dagger
rCold   x . .      Faith    .   (no shield)
rNeg    . . .      Spirit   .   a - +0 robe
rPois   ∞          Reflect  .   h - +0 helmet
rElec   .          Harm     .   (no cloak)
rCorr   .          Rampage  .   i - +0 pair of gloves
Will    +....      Rage     1%  (boots unavailable)
Stlth   ++........              (no amulet)
HPRegen 0.20/turn               n - ring of Zuucoakk {Will+ Dex+6}
MPRegen 0.00/turn               (no ring)

@: flying
A: sickness immunity, fire resistance 2, cold vulnerability 1, float, innate
caster, HP casting, extra vitality 1, iridescent scales 1, berserk 1
a: Renounce Religion


You were on level 6 of the Dungeon.
You worshipped Makhleb.
Makhleb was noncommittal.
You visited 2 branches of the dungeon, and saw 8 of its levels.

You collected 259 gold pieces.

Inventory:

Hand Weapons
 d - a +0 dagger (weapon)
Armour
 a - a +0 robe (worn)
 h - a +0 helmet (worn)
 i - a +0 pair of gloves (worn)
Jewellery
 n - the ring of Zuucoakk (left hand) {Will+ Dex+6}
   (You found it on level 4 of the Dungeon)

   [ring of willpower]

   Dex:       It affects your dexterity (+6).
   Will:      It increases your willpower.
Wands
 o - a wand of paralysis (9)
 w - a wand of acid (7)
Scrolls
 j - a scroll of amnesia {unknown}
 k - 2 scrolls of identify
 p - a scroll of magic mapping {unknown}
 q - a scroll of immolation {unknown}
 r - a scroll of blinking {unknown}
 s - a scroll of noise {unknown}
 t - a scroll of teleportation {unknown}
 v - a scroll of enchant armour {unknown}
Potions
 c - a potion of mutation
 e - a potion of heal wounds {unknown}
 g - 2 potions of might
 l - a potion of invisibility {unknown}
 m - a potion of brilliance {unknown}
 u - 2 potions of flight {unknown}


   Skills:
 * Level 3.9 Fighting
 - Level 2.1 Dodging
 - Level 2.0 Stealth
 + Level 8.4 Spellcasting
 * Level 2.0 Invocations


You had 2 spell levels left.
You knew the following spells:

 Your Spells              Type           Power      Damage    Failure   Level
a - Foxfire               Conj/Fire      100%       2x1d9     1%          1
b - Scorch                Fire           84%        2d9       1%          2
c - Conjure Flame         Conj/Fire      42%        6-21      1%          3
d - Inner Flame           Hex/Fire       42%        N/A       1%          3
e - Flame Wave            Conj/Fire      42%        2d9       2%          4
f - Beastly Appendage     Tmut           84%        N/A       1%          1
g - Searing Ray           Conj           84%        2d7       1%          2
h - Dazzling Flash        Conj/Hex       84%        N/A       1%          3
i - Gell's Gravitas       Tloc           42%        N/A       1%          3
Your spell library was empty.

Dungeon Overview and Level Annotations

Branches:
Dungeon (7/15)             Temple (1/1) D:5

Altars:
Ashenzari
Cheibriados
Dithmenos
Elyvilon
Fedhas
Gozag
Hepliaklqana
Kikubaaqudgha
Makhleb
Okawaru
Qazlal
Ru
Sif Muna
Trog
Uskayaw
Wu Jian
Yredelemnul
Zin
The Shining One

Shops:
D:4 *


Innate Abilities, Weirdness & Mutations

You are immune to sickness and miasma.
You are immune to poison.
Your flesh is very heat resistant. (rF++)
You are vulnerable to cold. (rC-)
You float through the air rather than walking.
You learn spells naturally, not from books.
Your magical power is your life essence.
You have superior vitality. (+4 MHP)
You are partially covered in iridescent scales. (AC +2)
You tend to lose your temper in combat.


Message History

You feel better.
The orc warrior hits you from afar with a +0 glaive!
* * * LOW HITPOINT WARNING * * *
Something barely misses you.
The orc hits you from afar with a +0 trident.
* * * LOW HITPOINT WARNING * * *
Unknown command.
You feel better. The orc warrior closely misses you. Something hits you.
* * * LOW HITPOINT WARNING * * *
The orc barely misses you.
Unknown command.
Unknown command.
Something hits you.
* * * LOW HITPOINT WARNING * * *
A magic dart appears from out of thin air!
The magic dart hits you.
* * * LOW HITPOINT WARNING * * *
There is an open door here.
The orc warrior hits you from afar with a +0 glaive.
* * * LOW HITPOINT WARNING * * *
As you read the scroll labelled UGROIGR BEHOA, it crumbles to dust.
The scroll dissolves into smoke.
It was a scroll of fog.
Unknown command.
The orc warrior closely misses you.
Okay, then.
Found 3 gold pieces.
Okay, then.
You see here 3 gold pieces.
As you read the scroll labelled GADUID TISIZUR, it crumbles to dust.
It is a scroll of identify.
g - 2 potions of might An orc wizard appears from thin air!
Reactivating autopickup.
Okay, then.
An orc comes into view. It is wielding a +0 flail.
You see here 27 bolts.
As you read the scroll of fog, it crumbles to dust.
The scroll dissolves into smoke.
The orc warrior hits you from afar with a +0 glaive!
You die...

#..........##....
#..........##.#♣♣
#..††......##.#
#..........##.#
#..........##.#
#§§§....o..##.#
#§o§..........#
##§#...####....#
#@§#.o.# #....#
#§##...####....#
#§##...(.......#
#.####.........#
#.#............#
#.#.....#...##.#
#.#..o..#...# .#
#.#.....#...# .#
#.#######...#


You could see an orc warrior.

Vanquished Creatures
  4 water moccasins
  An orc warrior (D:6)
  2 black bears
  A necrophage (D:6)
  A centaur (D:6)
  An ogre (D:6)
  5 scorpions
  A bullfrog zombie (D:5)
  A centaur skeleton (D:6)
  3 hounds
  3 iguanas
  2 orc priests
  A bullfrog skeleton (D:6)
  Terence (D:3)
  4 orc wizards
  A howler monkey zombie (D:5)
  An adder (D:6)
  A gnoll (D:5)
  A shadow imp (D:4)
  A white imp (D:5)
  An ufetubus (D:5)
  4 worms
  2 dart slugs
  16 orcs
  8 ball pythons
  8 bats
  10 endoplasms
  6 giant cockroaches
  6 goblins
  5 hobgoblins
  5 jackals (D:1)
  3 quokkas
  A frilled lizard (D:3)
  8 kobolds
  5 rats
124 creatures vanquished.

Vanquished Creatures (others)
  72 foxfires
72 creatures vanquished.

Grand Total: 196 creatures vanquished

Notes
Turn   | Place    | Note
-------+----------+-------------------------------------------
     0 | D:1      | protoss039 the Djinni Fire Elementalist began the quest for
                  | the Orb.
     0 | D:1      | Reached XP level 1. HP: 15/15 MP: 0/0
    40 | D:1      | Found a faded altar of an unknown god.
   724 | D:1      | Reached XP level 2. HP: 20/21 MP: 0/0
  1052 | D:1      | HP: 1/21 [quokka (2)]
  1648 | D:1      | Reached skill level 3 in Spellcasting
  1658 | D:1      | Reached XP level 3. HP: 8/25 MP: 0/0
  1658 | D:1      | Learned a level 1 spell: Beastly Appendage
  3220 | D:2      | Reached XP level 4. HP: 27/31 MP: 0/0
  4142 | D:3      | Noticed Terence
  4148 | D:3      | Killed Terence
  4149 | D:3      | Reached skill level 4 in Spellcasting
  4149 | D:3      | Reached XP level 5. HP: 3/36 MP: 0/0
  4149 | D:3      | Learned a level 2 spell: Searing Ray
  4515 | D:3      | Found a burning altar of Makhleb.
  4515 | D:3      | Noticed an Executioner
  5154 | D:4      | Reached XP level 6. HP: 19/41 MP: 0/0
  5402 | D:4      | Reached skill level 5 in Spellcasting
  5612 | D:4      | Identified the ring of Zuucoakk {Will+ Dex+6}
  5752 | D:4      | Found a shadowy altar of Dithmenos.
  5892 | D:4      | Reached skill level 1 in Fighting
  5995 | D:4      | Found Ipetug's Serpentskin Sales.
  5995 | D:4      | Noticed a water moccasin
  5996 | D:4      | Noticed a water moccasin
  6011 | D:4      | Gained mutation: You tend to lose your temper in combat.
                  | [potion of mutation]
  6011 | D:4      | Gained mutation: You are partially covered in iridescent
                  | scales. (AC +2) [potion of mutation]
  6013 | D:4      | Killed a water moccasin
  6014 | D:4      | Reached XP level 7. HP: 8/47 MP: 0/0
  6014 | D:4      | Learned a level 3 spell: Dazzling Flash
  6014 | D:4      | Killed a water moccasin
  6609 | D:4      | Reached skill level 6 in Spellcasting
  6999 | D:5      | Entered Level 5 of the Dungeon
  7298 | D:5      | Noticed a water moccasin
  7305 | D:5      | Reached XP level 8. HP: 32/54 MP: 0/0
  7497 | D:5      | You are sucked into a shaft and drop 2 floors!
  7553 | D:6      | Reached skill level 7 in Spellcasting
  7919 | D:5      | Found an iron altar of Okawaru.
  8135 | D:5      | Found a staircase to the Ecumenical Temple.
  8152 | Temple   | Entered the Ecumenical Temple
  8499 | D:3      | Noticed a ynoxinul
  8499 | D:3      | Noticed a ynoxinul
  8501 | D:3      | Became a worshipper of Makhleb the Destroyer
  8762 | D:6      | Reached skill level 1 in Invocations
  8762 | D:6      | Reached XP level 9. HP: 33/61 MP: 0/0
  8762 | D:6      | Learned a level 3 spell: Gell's Gravitas
  9035 | D:6      | Reached skill level 8 in Spellcasting
  9801 | D:6      | HP: 3/62 [orc/+0 trident (1)]
  9807 | D:6      | HP: 3/62 [orc warrior/+0 glaive (1)]
  9842 | D:6      | Slain by an orc warrior

Illustrated notes

Levels and vault maps discovered:
D:1:      lemuel_arrival_tunnels, layout_basic, ebering_ecumenical_altar_ruins,
          kennysheep_nondescript, minivault_5, serial_bayou_ford_a,
          minmay_circled_x
D:2:      layout_rooms
D:3:      layout_loops_ring, makhleb_altar_promises_db, uniq_terence
D:4:      layout_basic, marbit_many_paths, guppyfry_shop_venom
D:5:      layout_cave_pools, mainiacjoe_overflow_small_starburst,
          minmay_temple_entry_nine_rooms, solitary_fountain,
          cheibrodos_gnoll_hut
D:6:      kb_forest_paths, layout_basic
D:7:      layout_basic, serial_shops, nicolae_shop_hallway_stairs,
          corexii_hall_statues_l, kennysheep_potato
Temple:   regret_index_temple_sphere_string

Skill      XL: |  1  2  3  4  5  6  7  8  9 |
---------------+----------------------------+-----
Spellcasting   | 3 4 5 6 7 8 |  8.4
Stealth        | 2 |  2.0
Fighting       | 1 2 3 |  3.9
Invocations    | 1 2 |  2.0
Dodging        | |  2.1

Action                   |  1- 3 |  4- 6 |  7- 9 || total
-------------------------+-------+-------+-------++-------
Melee: Club              |    32 |       |       ||    32
       Unarmed           |     7 |       |       ||     7
       Dagger            |    47 |    13 |    24 ||    84
       Punch             |     2 |     1 |     1 ||     4
       Headbutt          |       |     1 |     4 ||     5
 Cast: Foxfire           |    16 |    16 |    11 ||    43
       Scorch            |    27 |    65 |    79 ||   171
       Flame Wave        |       |     1 |     4 ||     5
       Beastly Appendage |       |     3 |     4 ||     7
       Conjure Flame     |       |       |     1 ||     1
       Inner Flame       |       |       |     1 ||     1
 Abil: End Transformatio |       |     1 |     1 ||     2
  Use: Potion            |       |     2 |     2 ||     4
       Scroll            |       |       |     3 ||     3
 Stab: Sleeping          |     2 |       |       ||     2
Armor: Robe              |    28 |    10 |    18 ||    56
Dodge: Dodged            |    98 |    30 |    64 ||   192
